 Dungeon Crawl Stone Soup version 0.28.0 (webtiles) character file.

Game seed: 10245040426538454592

205 lyrin the Ruffian (level 5, 0/23 (25) HPs)
             Began as a Vine Stalker Transmuter on Feb 13, 2022.
             Was a Priest of Lugonu.
             Slain by Crazy Yiuf (5 damage)
             ... on level 3 of the Dungeon.
             The game lasted 00:04:12 (3006 turns).

lyrin the Ruffian (Vine Stalker Transmuter)         Turns: 3006, Time: 00:04:12

HP:   0/23 (25)     AC:  9    Str: 15    XL:     5   Next: 83%
MP:   0/9           EV: 14    Int: 13    God:    Lugonu [***...]
Gold: 99            SH:  0    Dex: 14    Spells: 7/8 levels left

rFire   . . .      SeeInvis .     - Unarmed
rCold   . . .      Faith    .   (no shield)
rNeg    . . .      Spirit   +   o - +3 scale mail {Will+}
rPois   .          Reflect  .   (no helmet)
rElec   .          Harm     .   (no cloak)
rCorr   .          Rampage  .   (no gloves)
Will    +....                   (no boots)
Stlth   ..........              (no amulet)
HPRegen 0.87/turn               g - +4 ring of evasion
MPRegen 0.11/turn               (no ring)

@: drained
A: fangs 2, regeneration 1, magic shield, antimagic bite, no potion heal 2
a: Renounce Religion, Depart the Abyss, Bend Space, Banish


You were on level 3 of the Dungeon.
You worshipped Lugonu.
Lugonu was most pleased with you.
You visited 1 branch of the dungeon, and saw 3 of its levels.

You collected 99 gold pieces.

Inventory:

Missiles
 b - 14 poisoned darts
Armour
 a - a +0 robe
 d - an orb of energy
 o - a +3 scale mail of willpower (worn)
Magical Staves
 c - a staff of earth
Jewellery
 g - a +4 ring of evasion (left hand)
Wands
 q - a wand of acid (3)
Scrolls
 f - a scroll of vulnerability {unknown}
 h - a scroll of fog {unknown}
 i - 3 scrolls of identify {unknown}
 j - a scroll of amnesia {unknown}
 k - a scroll of enchant weapon {unknown}
 l - 2 scrolls of magic mapping {unknown}
 m - 2 scrolls of teleportation {unknown}
Potions
 e - 2 potions of magic {unknown}
 n - a potion of curing {unknown}
 p - a potion of cancellation {unknown}


   Skills:
 + Level 1.3 Fighting
 + Level 2.3 Dodging
 + Level 5.6 Unarmed Combat
 - Level 2.2 Spellcasting
 - Level 2.0 Transmutations


You had 7 spell levels left.
You knew the following spells:

 Your Spells              Type           Power      Damage    Failure   Level
a - Beastly Appendage     Tmut           12%        N/A       41%         1

Your spell library contained the following spells:

 Spells                   Type           Power      Damage    Failure   Level
 Wereblood                Tmut           6%         N/A       56%         2
 Foxfire                  Conj/Fire      4%         2x1d4     71%         1
 Sublimation of Blood     Necr           1%         N/A       85%         2
 Spider Form              Tmut/Pois      4%         N/A       90%         3
 Conjure Flame            Conj/Fire      1%         6-21      97%         3
 Inner Flame              Hex/Fire       1%         N/A       97%         3
 Flame Wave               Conj/Fire      1%         2d4       100%        4
 Ice Form                 Ice/Tmut       4%         N/A       100%        4
 Summon Hydra             Summ           0%         N/A       100%        7


Dungeon Overview and Level Annotations

Branches:
Dungeon (3/15)

Altars:
Lugonu

Annotations:
D:3 Crazy Yiuf


Innate Abilities, Weirdness & Mutations

You have extremely sharp teeth.
Your natural rate of healing is unusually fast.
When hurt, damage is shared between your health and your magic reserves.
Your bite disrupts and absorbs the magic of your enemies.
Potions cannot restore your health.


Message History

Crazy Yiuf hits you with a +3 quarterstaff of chaos!
Ouch! That really hurt!
You feel your power leaking away.
You hit Crazy Yiuf but do no damage.
Crazy Yiuf is lightly wounded.
Crazy Yiuf whimpers, "Spliff water bag!"
Crazy Yiuf barely misses you.
Crazy Yiuf waves his quarterstaff at you.
Crazy Yiuf laughs, "Tonal snail light!"
You barely miss Crazy Yiuf. You bite Crazy Yiuf. You drain his power.
You feel invigorated.
Crazy Yiuf is moderately wounded.
Crazy Yiuf barely misses you.
You barely miss Crazy Yiuf. Your bite misses Crazy Yiuf.
Crazy Yiuf is moderately wounded.
Crazy Yiuf hits you with a +3 quarterstaff of chaos.
Crazy Yiuf draws strength from your wounds!
You hit Crazy Yiuf.
Crazy Yiuf is heavily wounded.
Crazy Yiuf hits you with a +3 quarterstaff of chaos.
You hit Crazy Yiuf.
Crazy Yiuf is heavily wounded.
You hit Crazy Yiuf.
Crazy Yiuf is severely wounded.
Crazy Yiuf barely misses you.
You hit Crazy Yiuf. You bite Crazy Yiuf. You drain his power.
You feel invigorated.
Crazy Yiuf is severely wounded.
Crazy Yiuf hits you with a +3 quarterstaff of chaos!
You are electrocuted!!
Ouch! That really hurt!
* * * LOW HITPOINT WARNING * * *
Crazy Yiuf laughs, "Ice cower horse!"
Crazy Yiuf laughs, "Announcement!
Lay seventy mumblescurry."
Crazy Yiuf cries, "You leg down broken song, no?"
Crazy Yiuf grits, "Dawk aubergine aubergine!"
Crazy Yiuf hits you with a +3 quarterstaff of chaos!
* * * LOW HITPOINT WARNING * * *
Crazy Yiuf freezes you.
You die...

...#.# #####.#### #+#
#.## ##.#.# #.# #.#
#.). .....# #.# #.#
#### ##.### #.#
#####.#### # ...# #.#
#........# # ####
#.#####.#.)....# # #
#..........(.#.# # #
#.##....#.#.##.#####
#
#..@g............)..
#.##....#.#.##.#####
#.#####.#.#.##.#
#...........##.#
#######.##'##..#####
#######8.8##......
#...##.....#######
#.###8.....8## #
####.##.........#####


You could see Crazy Yiuf.

Vanquished Creatures
  Jessica (D:3)
  Natasha (twice) (D:3)
  Terence (D:3)
  4 adders
  2 worms (D:2)
  3 ball pythons
  4 bats
  4 endoplasms
  3 giant cockroaches
  3 goblins
  4 hobgoblins
  5 jackals
  14 kobolds
  3 quokkas (D:2)
  5 frilled lizards
  4 rats
62 creatures vanquished.

Notes
Turn   | Place    | Note
-------+----------+-------------------------------------------
     0 | D:1      | lyrin the Vine Stalker Transmuter began the quest for the
                  | Orb.
     0 | D:1      | Reached XP level 1. HP: 9/9 MP: 4/4
    27 | D:1      | Found a faded altar of an unknown god.
   200 | D:1      | Prayed at the altar of an unknown god.
   200 | D:1      | Became a worshipper of Lugonu the Unformed
   200 | D:1      | Reached * piety under Lugonu
   200 | D:1      | Reached ** piety under Lugonu
   266 | D:1      | Reached XP level 2. HP: 3/14 MP: 3/6
  1024 | D:2      | Reached XP level 3. HP: 16/17 MP: 7/7
  1061 | D:2      | Reached skill level 4 in Unarmed Combat
  1124 | D:2      | Reached skill level 1 in Fighting
  1512 | D:2      | Gained mutation: Your natural rate of healing is unusually
                  | fast. [Vine Stalker growth]
  1512 | D:2      | Reached XP level 4. HP: 14/22 MP: 5/8
  1598 | D:2      | Reached *** piety under Lugonu
  2425 | D:3      | Noticed Natasha
  2433 | D:3      | Killed Natasha
  2434 | D:3      | Reached skill level 5 in Unarmed Combat
  2434 | D:3      | Reached XP level 5. HP: 24/25 MP: 7/9
  2534 | D:3      | Noticed Jessica
  2535 | D:3      | Noticed Terence
  2541 | D:3      | Killed Jessica
  2566 | D:3      | Killed Terence
  2809 | D:3      | Noticed Natasha
  2823 | D:3      | Killed Natasha
  2919 | D:3      | Found a runed translucent door.
  2920 | D:3      | Identified the +2 mace of Untimely Demise {drain, Fly
                  | Str+4}
  2920 | D:3      | Noticed Crazy Yiuf
  3006 | D:3      | Slain by Crazy Yiuf

Illustrated notes

Levels and vault maps discovered:
D:1:      tarquinn_simple_flora_water_e, layout_rooms,
          shapermc_ecumenical_altar_pompeii, st_stairs_4
D:2:      minmay_recursive_quarters, layout_loops_ring, feat_on_display
D:3:      layout_loops_corners, dk_noncrumbling_4, feat_on_display,
          uniq_jessica, uniq_crazy_yiuf_cottage, uniq_natasha, uniq_terence

Skill      XL: |  1  2  3  4 |
---------------+-------------+-----
Unarmed Combat | 4 5 |  5.6
Fighting       | 1 |  1.3
Dodging        | 2 |  2.3
Spellcasting   | |  2.2
Transmutations | |  2.0

Action                   |  1- 3 |  4- 6 || total
-------------------------+-------+-------++-------
Melee: Unarmed           |    95 |   119 ||   214
       Bite              |    13 |    29 ||    42
       Punch             |     2 |     5 ||     7
Evoke: Wand              |       |     1 ||     1
 Stab: Sleeping          |     3 |     1 ||     4
Armor: Robe              |    11 |     5 ||    16
       Scale mail        |       |     7 ||     7
Dodge: Dodged            |    53 |    64 ||   117
